 Seeded DCSS version 0.29-a0-352-g0917bc69df (webtiles) character file.

Game seed: 7415565095732130089 (custom seed)

102 oldmanjim the Shield-Bearer (level 4, -2/40 HPs)
             Began as a Hill Orc Fighter on Apr 25, 2022.
             Succumbed to Ijyb's poison
             ... on level 3 of the Dungeon.
             The game lasted 00:11:28 (2165 turns).

oldmanjim the Shield-Bearer (Hill Orc Fighter)      Turns: 2165, Time: 00:11:28

Health: -2/40      AC: 10    Str: 20    XL:     4   Next: 77%
Magic:  4/4        EV: 10    Int:  8    God:
Gold:   98         SH:  9    Dex: 10    Spells: 3/3 levels left

rFire   + + .      SeeInvis .   a - +0 war axe (vamp)
rCold   . . .      Faith    .   c - +0 buckler
rNeg    . . .      Spirit   .   m - +2 ring mail {rF+}
rPois   .          Reflect  +   (no helmet)
rElec   .          Harm     .   (no cloak)
rCorr   .          Rampage  .   k - +2 pair of gloves
Will    .....                   (no boots)
Stlth   ..........              p - amulet of reflection
HPRegen 0.13/turn               j - ring of protection from fire
MPRegen 0.09/turn               (no ring)

@: mighty, lethally poisoned (-2 -> -17)
A: no striking features
a: no special abilities


You were on level 3 of the Dungeon.
You visited 1 branch of the dungeon, and saw 3 of its levels.

You collected 98 gold pieces.

Inventory:

Hand Weapons
 a - a +0 vampiric war axe (weapon)
 b - a +0 hunting sling
 h - a +4 dagger
Missiles
 e - 78 stones (quivered)
Armour
 c - a +0 buckler (worn)
 k - a +2 pair of gloves (worn)
 m - a +2 ring mail of fire resistance (worn)
Jewellery
 j - a ring of protection from fire (left hand)
 p - an amulet of reflection (around neck)
Scrolls
 f - a scroll of identify
Potions
 g - a potion of curing
 l - a potion of haste
 n - a potion of ambrosia
 o - 2 potions of lignification
 q - 2 potions of resistance {unknown}


   Skills:
 - Level 4.0 Fighting
 + Level 4.5 Axes
 - Level 3.3 Armour
 * Level 4.7 Shields


You had 3 spell levels left.
You didn't know any spells.
Your spell library contained the following spells:

 Spells                   Type           Power      Damage    Failure   Level
 Summon Small Mammal      Summ           0%         N/A       67%         1
 Call Canine Familiar     Summ           0%         N/A       95%         3
 Summon Guardian Golem    Hex/Summ       0%         N/A       95%         3


Dungeon Overview and Level Annotations

Branches:
Dungeon (3/15)

Altars:
Qazlal
Vehumet

Annotations:
D:3 Ijyb


Message History

There is an open door here.
Ijyb zaps a wand.
You barely resist.
You see here a rat corpse.
You feel much better.
You feel very mighty all of a sudden.
You shoot a sling bullet. The sling bullet hits Ijyb.
Ijyb is lightly wounded.
You block Ijyb's attack.
You shoot a sling bullet.
The sling bullet hits Ijyb but does no damage.
Ijyb is lightly wounded.
Ijyb hits you but does no damage.
You shoot a sling bullet. The sling bullet barely misses Ijyb.
Ijyb zaps a wand.
Your mind is blasted!
Ijyb barely misses you.
You feel a sense of dread.
a - a +0 vampiric war axe (weapon)
You hit Ijyb.
Ijyb is moderately wounded.
Ijyb barely misses you.
You miss Ijyb.
Ijyb is moderately wounded.
Ijyb hits you with a +2 dagger of venom.
You are poisoned.
Ijyb screams, "Get away!"
Ijyb hits you with a +2 dagger of venom.
You are more poisoned.
You closely miss Ijyb.
Ijyb is moderately wounded.
You feel very sick. Ijyb hits you but does no damage.
You are more poisoned.
You closely miss Ijyb.
Ijyb is moderately wounded.
You feel very sick.
Ijyb zaps a wand.
Your mind is blasted!
* * * LOW HITPOINT WARNING * * *
You are too injured to fight recklessly!
You barely miss Ijyb.
Ijyb is moderately wounded.
You die...

≈≈≈≈≈≈≈≈≈≈≈≈≈≈≈≈≈≈≈≈≈≈≈≈≈≈≈
≈≈≈≈≈≈≈≈≈≈≈≈≈≈≈≈≈≈≈≈≈≈≈≈≈≈≈
≈≈≈≈≈≈≈.≈≈≈.≈≈≈≈≈..≈.≈..≈..
...........................
...........................
##########.####........##
########..####.........#
####g..†.......##g.########
)..'...........+@>.#
####...........###.#
################.#
#................#
#.################ #.#
###.# #...# ....#


You could see Ijyb.

Vanquished Creatures
  2 adders (D:2)
  2 dart slugs (D:2)
  3 worms (D:2)
  An orc (D:2)
  2 ball pythons
  9 endoplasms
  A giant cockroach (D:2)
  9 goblins
  8 hobgoblins
  9 kobolds
  3 quokkas
  3 bats
  3 frilled lizards
  9 rats
64 creatures vanquished.

Notes
Turn   | Place    | Note
-------+----------+-------------------------------------------
     0 | D:1      | oldmanjim the Hill Orc Fighter began the quest for the Orb.
     0 | D:1      | Reached XP level 1. HP: 19/19 MP: 1/1
   192 | D:1      | Reached XP level 2. HP: 27/27 MP: 2/2
   299 | D:1      | Found a faded altar of an unknown god.
   729 | D:1      | Reached XP level 3. HP: 32/33 MP: 3/3
  1348 | D:2      | Reached XP level 4. HP: 40/40 MP: 4/4
  1609 | D:2      | Found a radiant altar of Vehumet.
  1972 | D:3      | Found a stormy altar of Qazlal.
  2117 | D:3      | Noticed Ijyb
  2164 | D:3      | HP: 2/40 [disintegration (18)]
  2165 | D:3      | Succumbed to Ijyb's poison

Illustrated notes

Levels and vault maps discovered:
D:1:      wander_arrival_desolate, layout_loops_corners,
          shapermc_ecumenical_altar_starsandcircs
D:2:      layout_rooms, basic_altar
D:3:      minmay_goblin_kobold_castle, layout_basic,
          nicolae_qazlal_eye_of_the_storm, mainiacjoe_overflow_six_doors_small,
          chequers_serial_rivers_small_b, uniq_ijyb

Skill      XL: |  1  2  3 |
---------------+----------+-----
Fighting       | 4 |  4.0
Axes           | 3 4 |  4.5
Shields        | 4 |  4.7
Armour         | |  3.3

Action                   |  1- 3 |  4- 6 || total
-------------------------+-------+-------++-------
Melee: War axe           |    95 |    74 ||   169
 Fire: Hunting sling     |       |     4 ||     4
Throw: Stone             |     4 |       ||     4
  Use: Scroll            |     1 |     7 ||     8
       Potion            |       |     2 ||     2
Armor: Scale mail        |    35 |    27 ||    62
       Ring mail         |       |    13 ||    13
Dodge: Dodged            |    25 |    27 ||    52
Block: Buckler           |    22 |    27 ||    49
       Reflection        |       |     3 ||     3

Table legend: (Time is in decaauts)
 A = Elapsed time spent in this place.
 B = Non-inter-level travel time spent in this place.
 C = Inter-level travel time spent in this place.
 D = Time resting spent in this place.
 E = Time spent auto-exploring this place.
 F = Levels seen in this place.
 G = Mean time per level.
                   A        B        C        D        E       F      G
               +--------+--------+--------+--------+--------+-----+--------+
         Total |   2225 |   2190 |     35 |     41 |   1545 |   3 |  741.7 |
       Dungeon |   2225 |   2190 |     35 |     41 |   1545 |   3 |  741.7 |
               +--------+--------+--------+--------+--------+-----+--------+

Top non-repeatable levels by time:
     D:1: 1145 daAuts
     D:2: 783 daAuts
     D:3: 296 daAuts
